 Dungeon Crawl Stone Soup version 0.24.0-125-gc4c63601f3 (webtiles) character file.

Game seed: 18430430311291615540, levelgen mode: deterministic

255 Johnny the Poker (level 5, 0/41 HPs)
             Began as a Demigod Gladiator on Feb 17, 2020.
             Slain by a water moccasin zombie (5 damage)
             ... in an ossuary.
             The game lasted 00:02:45 (2840 turns).

Johnny the Poker (Demigod Gladiator)                Turns: 2840, Time: 00:02:46

Health: 0/41       AC:  6    Str: 19    XL:     5   Next: 60%
Magic:  7/7        EV: 12    Int: 12    God:
Gold:   204        SH:  0    Dex: 17    Spells: 4/4 levels left

rFire    . . .     SeeInvis .   a - +0 trident
rCold    . . .     Gourm    .   (no shield)
rNeg     . . .     Faith    .   i - -1 ring mail (curse)
rPois    .         Spirit   .   c - +0 helmet
rElec    .         Reflect  .   h - +0 cloak
rCorr    .         Harm     .   (no gloves)
MR       .....                  (no boots)
Stlth    +.........             (no amulet)
HPRegen  0.13/turn              (no ring)
MPRegen  0.10/turn              (no ring)

@: no status effects
A: high mp 1
a: no special abilities


You were in an ossuary.
You were hungry.

You visited 1 branch of the dungeon, and saw 4 of its levels.
You also visited: Ossuary.

You collected 204 gold pieces.

Inventory:

Hand Weapons
 a - a +0 trident (weapon)
Missiles
 d - 3 throwing nets (quivered)
Armour
 b - a +0 leather armour
 c - a +0 helmet (worn)
 h - a +0 cloak (worn)
 i - a cursed -1 ring mail (worn)
Wands
 s - a wand of acid (10)
 u - a wand of paralysis (2)
Scrolls
 e - 4 scrolls of enchant armour {unknown}
 g - 10 scrolls of identify {unknown}
 j - 4 scrolls of fear {unknown}
 k - a scroll of fog {unknown}
 l - 2 scrolls of remove curse {unknown}
 m - 3 scrolls of amnesia {unknown}
Potions
 n - a potion of curing {unknown}
 o - a potion of agility {unknown}
 p - a potion of degeneration {unknown}
 q - a potion of haste {unknown}
 r - 2 potions of ambrosia {unknown}
 t - a potion of mutation {unknown}
Comestibles
 f - 10 rations
 v - 6 chunks of flesh


   Skills:
 - Level 1.7 Fighting
 + Level 6.1 Polearms
 - Level 1.7 Throwing
 - Level 2.6 Dodging


You had 4 spell levels left.
You didn't know any spells.
Your spell library was empty.

Dungeon Overview and Level Annotations

Branches:
Dungeon (4/15)            Ossuary (1/1)
 Temple: D:4-7


Innate Abilities, Weirdness & Mutations

You have an increased reservoir of magic. (+10% MP)


Message History

The water moccasin zombie bites you but does no damage.
You hit the water moccasin zombie.
The water moccasin zombie is severely damaged.
The water moccasin zombie closely misses you.
You hit the water moccasin zombie but do no damage.
The water moccasin zombie is severely damaged.
The water moccasin zombie barely misses you.
You hit the water moccasin zombie.
The water moccasin zombie is severely damaged.
The water moccasin zombie closely misses you.
You hit the water moccasin zombie.
The water moccasin zombie is almost destroyed.
The water moccasin zombie bites you.
* * * LOW HITPOINT WARNING * * *
The water moccasin zombie bites you.
* * * LOW HITPOINT WARNING * * *
You hit the water moccasin zombie.
The water moccasin zombie is almost destroyed.
The water moccasin zombie bites you.
You die...

+!($?#.∩.'.^^#
#?!!!#...#..^#
### #####^.^#
#^^^# ###'#
#...# #...#
#^^^# #@..#
#Z### #^^ #...
#..^# #^^.#
###+#


You could see a water moccasin zombie.

Vanquished Creatures
  A scorpion (D:3)
  2 orc wizards (D:3)
  A hound skeleton (D:4)
  A mummy (D:4)
  3 adders (D:3)
  An ooze (D:1)
  An adder zombie (Ossuary)
  2 dart slugs
  A leopard gecko (D:4)
  8 orcs
  9 bats
  2 giant cockroaches
  10 goblins
  5 hobgoblins
  11 jackals
  6 kobolds
  4 frilled lizards
  3 hobgoblin zombies (Ossuary)
  A jackal skeleton (D:4)
  3 kobold zombies
  An orc zombie (Ossuary)
  7 rats
83 creatures vanquished.

Notes
Turn   | Place    | Note
-------+----------+-------------------------------------------
     0 | D:1      | Johnny the Demigod Gladiator began the quest for the Orb.
     0 | D:1      | Reached XP level 1. HP: 17/17 MP: 3/3
    73 | D:1      | Reached skill level 3 in Polearms
   219 | D:1      | Reached XP level 2. HP: 24/24 MP: 4/4
   746 | D:2      | Reached XP level 3. HP: 27/29 MP: 5/5
   757 | D:2      | Reached skill level 4 in Polearms
   844 | D:2      | Found a faded altar of an unknown god.
   894 | D:2      | Found a shimmering altar of Xom.
   894 | D:2      | Found a shimmering altar of Xom.
   894 | D:2      | Found a shimmering altar of Xom.
   895 | D:2      | Found a shimmering altar of Xom.
   912 | D:2      | Found a shimmering altar of Xom.
  1629 | D:3      | Noticed a scorpion
  1634 | D:3      | Killed a scorpion
  1634 | D:3      | Reached skill level 5 in Polearms
  1634 | D:3      | Reached XP level 4. HP: 35/36 MP: 6/6
  2077 | D:3      | Reached XP level 5. HP: 15/41 MP: 7/7
  2566 | D:4      | Found a hazy altar of Hepliaklqana.
  2566 | D:4      | Found a sacrificial altar of Ru.
  2566 | D:4      | Found a bloodstained altar of Trog.
  2720 | D:4      | Reached skill level 6 in Polearms
  2768 | D:4      | Found a sand-covered staircase.
  2779 | Ossuary  | Entered an ossuary
  2840 | Ossuary  | Slain by a water moccasin zombie

Levels and vault maps discovered:
D:1:      evilmike_arrival_rings, layout_loops_ring, minmay_ruptured
D:2:      layout_basic, xom_redecorated, first_ration,
          chequers_ecumenical_altar_simple_redux, hex_tiny,
          grunt_decor_one_mirror
D:3:      layout_loops_corners
D:4:      layout_rooms, chequers_temple_overflow_statue_of_worship,
          minmay_temple_entry_gardened_gates, nicolae_ossuary_entry_giza,
          dk_noncrumbling_3
Ossuary:  ossuary_tomb_2

Skill      XL: |  1  2  3  4  5 |
---------------+----------------+-----
Polearms       | 3 5 6 |  6.1
Fighting       | |  1.7
Throwing       | |  1.7
Dodging        | |  2.6

Action                   |  1- 3 |  4- 6 || total
-------------------------+-------+-------++-------
Melee: Trident           |   155 |   134 ||   289
Evoke: Wand              |       |     2 ||     2
 Stab: Sleeping          |     2 |       ||     2
       Paralysed         |       |     4 ||     4
  Eat: Chunk             |     2 |     4 ||     6
Armor: Leather armour    |    11 |       ||    11
       Ring mail         |    42 |    18 ||    60
Dodge: Dodged            |    98 |    59 ||   157
